 Dungeon Crawl Stone Soup version 0.23.1-41-g7e51ed3 (console) character file.

Game seed: 6598644107206416125

1686 jt the Carver (level 9, -3/57 HPs)
             Began as an Octopode Monk on Mar 29, 2019.
             Was an Elder of Nemelex Xobeh.
             Slain by a wraith (15 damage)
             ... on level 6 of the Dungeon.
             The game lasted 00:13:16 (6137 turns).

jt the Carver (Octopode Monk)                       Turns: 6137, Time: 00:13:17

Health: -3/57      AC:  1    Str: 13    XL:     9   Next: 2%
Magic:  9/9        EV: 14    Int: 12    God:    Nemelex Xobeh [****..]
Gold:   108        SH:  5    Dex: 15    Spells: 8/8 levels left

rFire    . . .     SeeInvis .   a - +0 long sword
rCold    + . .     Gourm    .   s - +0 buckler
rNeg     + . .     Faith    .   (helmet restricted)
rPois    .         Spirit   .   (no amulet)
rElec    .         Reflect  .   y - ring of positive energy
rCorr    .         Harm     .   E - ring of protection from cold
MR       .....                  (no ring)
Stlth    +++.......             (no ring)
HPRegen  0.19/turn              (no ring)
MPRegen  0.11/turn              (no ring)
                                (no ring)
                                (no ring)

@: slowed, very slow
A: almost no armour, stealthy swim, amphibious, 8 rings, constrict 8, camouflage
1, gelatinous body 1
a: Draw Escape, Draw Destruction, Draw Summoning, Triple Draw, Deal Four,
Renounce Religion


You were on level 6 of the Dungeon.
You worshipped Nemelex Xobeh.
Nemelex Xobeh was greatly pleased with you.
You were not hungry.

You visited 1 branch of the dungeon, and saw 6 of its levels.

You collected 395 gold pieces.
You spent 287 gold pieces at shops.

Inventory:

Hand Weapons
 a - a +0 long sword (weapon)
 x - a +0 trident
 z - a +2 dagger of venom
 F - a +0 hunting sling
Missiles
 d - 45 arrows
 f - 22 bolts
 i - 190 stones (quivered)
 v - 9 poisoned needles
Armour
 s - a +0 buckler (worn)
Jewellery
 p - an uncursed ring of ice
 y - a ring of positive energy (left tentacle)
 E - a ring of protection from cold (right tentacle)
Wands
 B - a wand of flame (16)
 H - a wand of disintegration (17)
Scrolls
 c - 2 scrolls of enchant armour {unknown}
 e - a scroll of fear {unknown}
 g - a scroll of random uselessness {unknown}
 h - 4 scrolls of amnesia
 k - 3 scrolls of immolation {unknown}
 l - 2 scrolls of blinking {unknown}
 n - 2 scrolls of fog
 o - 3 scrolls of identify {unknown}
 t - 2 scrolls of remove curse {unknown}
 w - 2 scrolls of teleportation {unknown}
 G - a scroll of enchant weapon {unknown}
Potions
 j - 4 potions of curing
 m - a potion of heal wounds {unknown}
 r - a potion of flight {unknown}
 u - a potion of might
 D - a potion of mutation {unknown}
Comestibles
 b - 5 rations


   Skills:
 + Level 3.2 Fighting
 + Level 10.4 Long Blades
 - Level 3.0 Dodging
 - Level 2.6 Stealth
 - Level 4.0 Shields
 + Level 1.1 Invocations
 + Level 1.1 Evocations


You had 8 spell levels left.
You didn't know any spells.
Your spell library was empty.

Dungeon Overview and Level Annotations

Branches:
Dungeon (6/15)
 Temple: D:4-7

Altars:
Dithmenos
Elyvilon
Fedhas
Gozag
Nemelex Xobeh
Trog
Vehumet
Wu Jian
Xom

Shops:
D:4 (   D:6 }

Annotations:
D:5 exclusion: ogre


Innate Abilities, Weirdness & Mutations

You cannot wear most types of armour.
You are very stealthy in the water. (Stealth+)
You are amphibious.
You can wear up to eight rings at the same time.
You can use your tentacles to constrict eight enemies at once.
Your skin changes colour to match your surroundings (Stealth+).
Your rubbery body absorbs attacks. (AC +1, EV +1)


Message History

You barely miss the wraith.
You squeeze the wraith, but do no damage.
You block the wraith's attack.
You closely miss the wraith. Your squeeze misses the wraith.
The wraith hits you.
You barely miss the wraith. The wraith closely misses you. The wraith hits you!
You completely miss the wraith.
You squeeze the wraith, but do no damage.
You feel yourself speed up. The wraith hits you!
* * * LOW HITPOINT WARNING * * *
The wraith drains your vigour!
You feel yourself slow down.
Okay, then.
Okay, then.
Press: ? - help, v - describe, . - travel
Here: a wraith The floor.
You fail to use your ability.
The wraith hits you!
You die...
Your body glows slightly and disappears.

.###........#..... ..
.'.'........#.... .....
.###............. ..(..
#...###.......... ......
#...............# .($..
#...............##.(.#
.......##............##.
.......#<........W.....?
....#####.......@.......
...<...........###......
..............## .....
..............# ....
..............# ###
#.##'####.....# #.##.#
####### #....# ######


You could see a wraith.

Vanquished Creatures
  Pikel (D:4)
  3 slaves
  A phantom (D:4)
  An ogre (D:5)
  A centaur (D:4)
  2 big kobolds (D:6)
  A bullfrog (D:6)
  4 scorpions
  A water moccasin skeleton (D:4)
  A howler monkey (D:4)
  A bullfrog zombie (D:5)
  3 hounds
  A centaur skeleton (D:6)
  An orc wizard (D:3)
  Terence (D:3)
  5 worker ants
  A howler monkey skeleton (D:6)
  A howler monkey zombie (D:5)
  5 adders
  3 worms (D:3)
  2 dart slugs (D:2)
  10 orcs
  8 giant cockroaches
  5 goblins
  6 hobgoblins
  5 jackals
  7 bats
  4 frilled lizards
  12 kobolds
  6 rats
103 creatures vanquished.

Vanquished Creatures (others)
  3 toadstools (D:4)
3 creatures vanquished.

Grand Total: 106 creatures vanquished

Notes
Turn   | Place    | Note
-------+----------+-------------------------------------------
     0 | D:1      | jt the Octopode Monk began the quest for the Orb.
     0 | D:1      | Reached XP level 1. HP: 16/16 MP: 1/1
   178 | D:1      | Reached XP level 2. HP: 21/21 MP: 2/2
   452 | D:1      | Reached skill level 4 in Long Blades
   611 | D:1      | Reached XP level 3. HP: 23/26 MP: 3/3
  1011 | D:2      | Found a sparkling altar of Nemelex Xobeh.
  1020 | D:2      | Became a worshipper of Nemelex Xobeh the Trickster
  1020 | D:2      | Received a gift from Nemelex Xobeh
  1020 | D:2      | Reached * piety under Nemelex Xobeh
  1020 | D:2      | Received a gift from Nemelex Xobeh
  1020 | D:2      | Reached ** piety under Nemelex Xobeh
  1554 | D:3      | Reached XP level 4. HP: 31/31 MP: 4/4
  1557 | D:3      | Received a gift from Nemelex Xobeh
  1647 | D:3      | Reached skill level 5 in Long Blades
  1735 | D:3      | Noticed Terence
  1744 | D:3      | Killed Terence
  1749 | D:3      | Reached XP level 5. HP: 16/36 MP: 5/5
  1894 | D:3      | Found an opulent altar of Gozag.
  2477 | D:3      | Found a white marble altar of Elyvilon.
  2739 | D:4      | Noticed a phantom
  2854 | D:4      | Reached skill level 1 in Shields
  2951 | D:4      | Killed a phantom
  2951 | D:4      | Reached skill level 6 in Long Blades
  2951 | D:4      | Reached XP level 6. HP: 25/42 MP: 6/6
  3431 | D:4      | Received a gift from Nemelex Xobeh
  3434 | D:4      | Noticed a slave
  3435 | D:4      | Noticed Pikel
  3435 | D:4      | Noticed a slave
  3435 | D:4      | Noticed a slave
  3435 | D:4      | Noticed a slave
  3451 | D:4      | Killed a slave
  3467 | D:3      | Killed a slave
  3848 | D:4      | Reached *** piety under Nemelex Xobeh
  3902 | D:4      | Reached XP level 7. HP: 46/46 MP: 7/7
  4101 | D:4      | Reached skill level 7 in Long Blades
  4126 | D:4      | Found Uthedoaho's Antique Weapon Boutique.
  4129 | D:4      | Bought a long sword for 56 gold pieces
  4151 | D:4      | Received a gift from Nemelex Xobeh
  4323 | D:5      | Entered Level 5 of the Dungeon
  4370 | D:4      | Killed Pikel
  4370 | D:4      | Reached skill level 9 in Long Blades
  4370 | D:4      | Reached XP level 8. HP: 28/52 MP: 8/8
  5084 | D:5      | Received a gift from Nemelex Xobeh
  5260 | D:6      | Reached skill level 10 in Long Blades
  5289 | D:6      | Found a shadowy altar of Dithmenos.
  5290 | D:6      | Found an ornate altar of the Wu Jian Council.
  5290 | D:6      | Found a blossoming altar of Fedhas.
  5290 | D:6      | Found a bloodstained altar of Trog.
  5299 | D:6      | Found a shimmering altar of Xom.
  5299 | D:6      | Found a radiant altar of Vehumet.
  5353 | D:6      | Reached **** piety under Nemelex Xobeh
  5430 | D:6      | Found Yskoet's Gadget Emporium.
  5695 | D:6      | Bought a wand of disintegration (17) for 231 gold pieces
  5741 | D:6      | Reached skill level 1 in Invocations
  5741 | D:6      | Reached skill level 1 in Evocations
  5741 | D:6      | Reached XP level 9. HP: 15/57 MP: 9/9
  5768 | D:6      | HP: 2/57 [poisoned by a big kobold]
  5776 | D:6      | HP: 2/57 [poisoned by a big kobold]
  6137 | D:6      | Slain by a wraith

Skill      XL: |  1  2  3  4  5  6  7  8 |
---------------+-------------------------+-----
Long Blades    | 4 5 6 9 10 | 10.4
Shields        | 2 3 4 |  4.0
Invocations    | 1 |  1.1
Evocations     | 1 |  1.1
Fighting       | |  3.2
Dodging        | |  3.0
Stealth        | |  2.6

Action                   |  1- 3 |  4- 6 |  7- 9 || total
-------------------------+-------+-------+-------++-------
Melee: Falchion          |    52 |   109 |    16 ||   177
       Constrict         |    23 |    25 |    28 ||    76
       Tentacles         |    12 |    26 |    30 ||    68
       Long sword        |       |       |   100 ||   100
 Fire: Hunting sling     |       |       |     3 ||     3
Throw: Stone             |     2 |    58 |     2 ||    62
 Abil: Draw Destruction  |       |     2 |       ||     2
  Use: Scroll            |     1 |       |     1 ||     2
       Potion            |       |     1 |     2 ||     3
 Stab: Sleeping          |     8 |     4 |     7 ||    19
       Distracted        |       |       |     1 ||     1
  Eat: Chunk             |     1 |     7 |     4 ||    12
       Ration            |       |       |     2 ||     2
Armor: Skin              |     4 |     3 |     4 ||    11
Dodge: Dodged            |    35 |    58 |    52 ||   145
Block: Buckler           |       |     7 |    19 ||    26
       Rpst.: Falchion   |    14 |    19 |     3 ||    36
       Long sword        |       |       |    15 ||    15
